 Dungeon Crawl Stone Soup version 0.22-a0-542-gce4f928 (webtiles) character file.

88 kae the Insei (level 4, -2/32 HPs)
             Began as a Demonspawn Transmuter on June 24, 2018.
             Slain by Sigmund
             ... wielding a +1 scythe of venom
              (8 damage)
             ... on level 2 of the Dungeon.
             The game lasted 00:01:21 (1661 turns).

kae the Insei (Demonspawn Transmuter)               Turns: 1661, Time: 00:01:21

Health: -2/32      AC:  2    Str: 10    XL:     4   Next: 29%
Magic:  7/7        EV: 14    Int: 15    God:
Gold:   51         SH:  0    Dex: 14    Spells: 7/8 levels left

rFire    . . .     SeeInvis .     - Unarmed
rCold    . . .     Gourm    .   (no shield)
rNeg     . . .     Faith    .   b - +0 robe
rPois    .         Spirit   .   (no helmet)
rElec    .         Reflect  .   (no cloak)
rCorr    .         Harm     .   (no gloves)
MR       .....                  (no boots)
Stlth    ++........             (no amulet)
HPRegen  0.10/turn              (no ring)
MPRegen  0.10/turn              (no ring)

@: lethally poisoned (-2 -> -16)
A: talons 1, repulsion field 1, nightstalker 1
a: no special abilities


You were on level 2 of the Dungeon.
You were not hungry.

You visited 1 branch of the dungeon, and saw 2 of its levels.

You collected 51 gold pieces.

Inventory:

Missiles
 a - 12 arrows
Armour
 b - a +0 robe (worn)
Scrolls
 c - 3 scrolls of identify
Potions
 f - a potion of curing
Comestibles
 d - 4 rations


   Skills:
 - Level 1.0 Fighting
 - Level 1.7 Dodging
 * Level 3.6 Unarmed Combat
 + Level 2.5 Spellcasting
 * Level 3.0 Transmutations


You had 7 spell levels left.
You knew the following spells:

 Your Spells              Type           Power        Failure   Level  Hunger
a - Beastly Appendage     Tmut           ##....       6%          1    #......

Your spell library contained the following spells:

 Spells                   Type           Power        Failure   Level  Hunger
 Spider Form              Tmut/Pois      #.........   34%         3    ###....
 Blade Hands              Tmut           ##........   86%         5    ######.
 Ice Form                 Ice/Tmut       #.......     75%         4    #####..
 Sticks to Snakes         Tmut           ##......     10%         2    ###....


Dungeon Overview and Level Annotations

Branches:
Dungeon (2/15)

Altars:
Ru

Annotations:
D:2 Sigmund


Innate Abilities, Weirdness & Mutations

You have sharp toenails.
You are surrounded by a mild repulsion field. (EV +2)
You are slightly more attuned to the shadows.


Message History

You don't have any unidentified items.
Unknown command.
You closely miss something. Something hits you.
You see here a dart slug corpse.
You hear some strange, mumbled words.
You are confused.
You're too confused to move!
You bump into the rock wall.
Something hits you!
You are poisoned.
You bump into the rock wall.
You feel sick. Something hits you!
* * * LOW HITPOINT WARNING * * *
You bump into the rock wall.
* * * LOW HITPOINT WARNING * * *
You feel sick.
You bump into the rock wall.
You feel less confused.
* * * LOW HITPOINT WARNING * * *
You feel sick. Something hits you!
You die...

.###.#.##..#
...........#
###.#†##.## #.# .# #.#
.. #.# ### #{# #.# #
#@# # ##.## #
####...## # #.......#
###### #.#.....####
.....#######.##.......
####.#.........(...###
...#.#######.###†#.#
##.#.##...##.......#


There were no monsters in sight!

Vanquished Creatures
  Jessica (D:2)
  2 adders (D:2)
  An ooze (D:2)
  An adder zombie (D:2)
  A worm (D:2)
  2 dart slugs
  A leopard gecko (D:1)
  4 giant cockroaches
  3 goblins
  2 jackals (D:2)
  5 bats
  A frilled lizard (D:1)
  6 kobolds
  A rat (D:1)
31 creatures vanquished.

Notes
Turn   | Place    | Note
-------+----------+-------------------------------------------
     0 | D:1      | kae the Demonspawn Transmuter began the quest for the Orb.
     0 | D:1      | Reached XP level 1. HP: 15/15 MP: 3/3
   540 | D:1      | Gained mutation: You have sharp toenails. [demonic ancestry]
   540 | D:1      | Reached XP level 2. HP: 17/21 MP: 3/5
  1294 | D:2      | Found a sacrificial altar of Ru.
  1302 | D:2      | Noticed Jessica
  1312 | D:2      | Gained mutation: You are slightly more attuned to the shadows. [demonic ancestry]
  1312 | D:2      | Reached XP level 3. HP: 12/26 MP: 6/6
  1320 | D:2      | Killed Jessica
  1347 | D:2      | Gained mutation: You are surrounded by a mild repulsion field. (EV +2) [demonic ancestry]
  1347 | D:2      | Reached XP level 4. HP: 19/32 MP: 7/7
  1641 | D:2      | Noticed Sigmund
  1661 | D:2      | Slain by Sigmund

Vault maps used:
D:1:      co_arrival_random_square_maze, hex_tiny
D:2:      gammafunk_temple_overflow_arena, first_ration,
          nicolae_ru_sacrificial_ziggurat, uniq_sigmund, uniq_jessica

Skill      XL: |  1  2  3  4 |
---------------+-------------+-----
Transmutations | 2 3 |  3.0
Unarmed Combat | 3 |  3.6
Fighting       | |  1.0
Dodging        | |  1.7
Spellcasting   | |  2.5

Action                   |  1- 3 |  4- 6 || total
-------------------------+-------+-------++-------
Melee: Unarmed           |   107 |    16 ||   123
       Kick              |     7 |     1 ||     8
       Headbutt          |       |     2 ||     2
 Cast: Beastly Appendage |     4 |     1 ||     5
  Use: Scroll            |     3 |       ||     3
       Potion            |     1 |     2 ||     3
 Stab: Sleeping          |     3 |       ||     3
  Eat: Chunk             |       |     3 ||     3
Armor: Robe              |    28 |     1 ||    29
       Skin              |     5 |     4 ||     9
Dodge: Dodged            |    67 |    10 ||    77

Table legend:
 A = Spawn XP
 B = Non-spawn XP
 C = Spawn XP percentage of total XP
 D = Spawn monster count
 E = Non-spawn monster count
 F = Spawn count percentage of total count
 G = Total turns spent on level
                    A         B        C        D         E        F      G
               +---------+---------+-------+---------+---------+-------+---------
         Total |       0 |     126 |   0.0 |       0 |      31 |   0.0 |  1661
               +---------+---------+-------+---------+---------+-------+---------
           D:1 |       0 |      30 |   0.0 |       0 |      18 |   0.0 |  1289
           D:2 |       0 |      96 |   0.0 |       0 |      13 |   0.0 |   372
               +---------+---------+-------+---------+---------+-------+---------
